 Dungeon Crawl Stone Soup version 0.18.1-6-gd335043 (webtiles) character file.

598651 MenacingMecha the Formicid Blade (level 27, 0/197 HPs)
             Began as a Formicid Fighter on May 14, 2016.
             Was the Champion of Cheibriados.
             Splashed by a yellow draconian monk's acid (12 damage)
             ... on level 3 of the Abyss on May 19, 2016.
             The game lasted 08:12:55 (72777 turns).

MenacingMecha the Formicid Blade (FoFi)            Turns: 72777, Time: 08:12:56

Health: 0/197      AC: 26    Str: 40      XL:     27
Magic:  35/35      EV: 28    Int: 22 (24) God:    Cheibriados [******]
Gold:   2558       SH:  0    Dex: 34      Spells: 6 memorised, 29 levels left

rFire  + + .     SeeInvis +     a - +5 triple sword (drain)
rCold  + . .     Gourm    .     U - +0 gold dragon armour {GDA, rC+, rF+, rPois}
rNeg   . . .     Faith    .     C - +0 large shield
rPois  +         Spirit   .     (helmet unavailable)
rElec  .         Dismiss  .     M - +1 cloak
rCorr  .         Reflect  +     f - +1 pair of gloves {Str+3} {Str+3}
SustAt .         Harm     .     Y - +1 pair of boots
MR     ++...     Clarity  +     u - brooch of Shielding {Reflect SH+8}
Stlth  ..........               T - +3 ring of protection
                                o - +4 ring of evasion

@: confused, especially stealthy, corroded, non-regenerating, diseased, repel
missiles, very slow, very resistant to hostile enchantments, extremely
unstealthy
A: permanent stasis, dig shafts and tunnels, four strong arms, antennae 3,
clarity, deterioration 1, dopey 1, fire resistance 1, frail 1, screaming 1
a: Dig, Shaft Self, Bend Time, Temporal Distortion, Slouch, Step From Time,
Renounce Religion
}: 2/15 runes: barnacled, gossamer


You were on level 3 of the Abyss.
You worshipped Cheibriados.
Cheibriados was exalted by your worship.
You were not hungry.

You visited 9 branches of the dungeon, and saw 44 of its levels.
You visited the Abyss 3 times.

You collected 4056 gold pieces.
You spent 1498 gold pieces at shops.

Inventory:

Hand Weapons
 a - a +5 triple sword of draining (weapon)
   (You subdued it on level 2 of the Elven Halls)
 b - the +8 arbalest "Ant's Death" {elec, rC+ Str+4 Int+4}
   (You found it on level 1 of the Depths)

   It charges the ammunition it shoots with electricity; occasionally upon a
   hit, such missiles may discharge and cause terrible harm.
   It affects your strength (+4).
   It affects your intelligence (+4).
   It protects you from cold.
Missiles
 H - 11 throwing nets
 R - 604 bolts
Armour
 f - a +1 pair of gloves of strength (worn) {Str+3}
   (You found it on level 3 of the Abyss)
 r - a +1 pair of gloves
   (You found it on level 7 of the Dungeon)
 y - a +2 cloak
   (You took it off Maurice on level 12 of the Dungeon)
 C - a +0 large shield (worn)
   (You took it off a daeva on level 3 of the Abyss)
 G - a +0 large shield
   (You took it off a vault warden on level 1 of the Vaults)
 M - a +1 cloak (worn)
   (You took it off a draconian knight on level 3 of the Abyss)
 U - a +0 gold dragon armour (worn) {GDA, rC+, rF+, rPois}
   (You found it on level 4 of the Depths)
 V - the +1 buckler of the Jabberwock {rElec rC+ Str+6}
   (You found it on level 4 of the Dungeon)

   It affects your strength (+6).
   It protects you from cold.
   It insulates you from electricity.
 Y - a +1 pair of boots (worn)
   (You found it on level 6 of the Lair of Beasts)
Magical Staves
 j - an uncursed staff of power {unknown}
   (You found it on level 1 of the Abyss)
Rods
 s - a +2 rod of clouds (11/11)
   (You took it off a boggart on level 2 of the Depths)
 I - a +6 lightning rod (14/14)
   (You found it on level 2 of the Depths)
Jewellery
 l - the ring of Nousirph {*Corrode +Fly Str+3 Dex+5}
   (You took it off a hell knight on level 4 of the Depths)

   [ring of flight]

   It affects your strength (+3).
   It affects your dexterity (+5).
   It lets you fly.
   It may corrode you when you take damage.
 o - a +4 ring of evasion (left hand)
   (You found it on level 11 of the Dungeon)
 u - the brooch of Shielding (around neck) {Reflect SH+8}
   (You bought it in a shop on level 1 of the Vaults)

   [amulet of reflection]

   It shields you and reflects attacks.
   It affects your SH (+8).
 P - an uncursed ring of protection from magic {MR+}
   (You found it on level 4 of the Vaults)
 T - a +3 ring of protection (right hand)
   (You took it off a hell knight on level 4 of the Depths)
Wands
 p - a wand of lightning (7/15)
   (You found it on level 4 of the Lair of Beasts)
 O - a wand of iceblast (5/15)
   (You found it on level 1 of the Vaults)
 S - a wand of acid (7/15)
   (You found it on level 3 of the Depths)
Scrolls
 c - 5 scrolls of identify
 d - a scroll of summoning
 e - 11 scrolls of recharging
 k - 3 scrolls of holy word
 n - 14 scrolls of remove curse
 v - 5 scrolls of fear
 A - a scroll of silence
 B - 4 scrolls of magic mapping
 D - 11 scrolls of fog
Potions
 g - 7 potions of lignification
 t - 4 potions of ambrosia
 w - 20 potions of curing
 F - 5 potions of cancellation
 J - 2 potions of resistance
 K - 2 potions of cure mutation
 L - 2 potions of might
 Z - 5 potions of agility
Books
 z - Xetatir's Grimoire of Aerial Changing
   (You found it on level 2 of the Abyss)

   Spells                             Type                      Level
   a - Sticks to Snakes               Transmutation                2
   b - Airstrike                      Air                          4
   c - Irradiate                      Conjuration/Transmutation    5
   d - Tornado                        Air                          9
Miscellaneous
 i - a phial of floods (inert)
   (You found it on level 4 of the Depths)
 m - an ornate deck of changes {drawn: 2}
   (You found it on level 1 of the Shoals)
 q - 3 phantom mirrors
 N - a box of beasts {used: 1}
   (You bought it in a shop on level 2 of the Orcish Mines)
Comestibles
 x - 3 fruits
 E - a chunk of flesh
 Q - 20 royal jellies


   Skills:
 + Level 18.6 Fighting
 - Level 24.0 Long Blades
 - Level 18.0 Crossbows
 - Level 14.0 Armour
 - Level 15.0 Dodging
 - Level 10.0 Stealth
 - Level 15.3 Shields
 - Level 8.0 Spellcasting
 - Level 7.0 Charms
 - Level 5.4 Necromancy
 - Level 11.0 Translocations
 - Level 2.0 Air Magic
 - Level 12.5 Invocations
 - Level 12.5 Evocations


You had 29 spell levels left.
You knew the following spells:

 Your Spells              Type           Power        Failure   Level  Hunger
a - Passage of Golubria   Tloc           N/A          10%         4    ###....
b - Portal Projectile     Tloc           ######       1%          3    None
d - Repel Missiles        Chrm/Air       ####..       17%         2    None
g - Apportation           Tloc           ######....   1%          1    None
w - Passwall              Trmt/Erth      #.........   88%         2    None
A - Animate Skeleton      Necr           N/A          10%         1    None


Dungeon Overview and Level Annotations

Branches:
Dungeon (15/15)            Temple (1/1) D:6            Lair (8/8) D:10
 Shoals (4/4) Lair:4       Spider (4/4) Lair:5          Orc (2/2) D:9
    Elf (2/3) Orc:2        Vaults (4/5) D:13          Crypt (0/3) Vaults:2
 Depths (4/5) D:15
  Slime: Lair:6-8

Altars:
Ashenzari
Cheibriados
Dithmenos
Elyvilon
Fedhas
Gozag
Kikubaaqudgha
Makhleb
Nemelex Xobeh
Okawaru
Pakellas
Qazlal
Ru
Sif Muna
Trog
Vehumet
Xom
Yredelemnul
Zin
The Shining One
Beogh

Shops:
D:14 (   Orc:1 *   Orc:2 (:[*   Elf:1 *   Vaults:1 %(=   Vaults:4 [
Depths:4 :

Portals:
Hell: Depths:1 Depths:2 Depths:3 Depths:4
Abyss: Depths:4
Pandemonium: Depths:1 Depths:3 Depths:4
Ziggurat: Depths:3

Annotations:
Lair:2 stash, exclusion: oklob plant
Shoals:3
Shoals:4 incomplete, Mara
Shoals:4 Ilsuiw


Innate Abilities, Weirdness & Mutations

You are under a permanent stasis effect.
You can dig through walls and to a lower floor.
Your four strong arms can wield two-handed weapons with a shield.
You have a pair of large antennae on your head (SInv).
You possess an exceptional clarity of mind.
Your body sometimes deteriorates upon taking damage.
You are dopey. (Int -2)
Your flesh is heat resistant.
You are frail (-10% HP).
You occasionally shout uncontrollably at your foes.


Message History

Your twister disappears in a puff of smoke!
Your soul eater closely misses the yellow draconian monk.
The yellow draconian monk hits your soul eater!!
Your soul eater dies!
The lich touches you but does no damage.
The chaos spawn howls!
You carve the lich like a ham!!!
You destroy the lich!
Cheibriados appreciates the change of pace.
You are engulfed in raging winds.
You block the chaos spawn's attack. A chorus of shrieks assaults your mind.
* * * LOW HITPOINT WARNING * * *
The ynoxinul gestures.
A worldbinder comes into view.
You float gracefully downwards.
The worldbinder calls forth creatures from the Vaults!
Something hits the yaktaur!
You block the ancient zyme's attack. x2
The ironheart preserver looks sick.
The yaktaur looks sick.
The starcursed mass engulfs something but does no damage.
The starcursed mass engulfs your soul eater.
You block the ancient zyme's attack. The ancient zyme completely misses you.
The chaos spawn gores you but does no damage.
Your soul eater hits the chaos spawn!
You slash the ancient zyme!
The ancient zyme is heavily damaged.
You block the ancient zyme's attack. x2; You feel ill.
The starcursed mass engulfs your soul eater.
The chaos spawn completely misses you.
Something engulfs your soul eater but does no damage.
A starcursed mass splits.
A chorus of shrieks assaults your mind.
* * * LOW HITPOINT WARNING * * *
Evoke which item? (* to show all) (? for menu, Esc to quit)
Aim the phial where?
Press: ? - help, Shift-Dir - straight line, f - ancient zyme
Aim: an ancient zyme (heavily damaged)
The flood of elemental water hits the ancient zyme.
The ancient zyme is almost destroyed.
The ancient zyme is knocked back by the flood of elemental water.
The ancient zyme slams into the stone wall!
You destroy the ancient zyme!
Cheibriados thoroughly appreciates the change of pace.
The wave splashes down.
Splash!
You fall into the shallow water.
Moving in this stuff is going to be slow.
The water rises up and takes form.
You hear a bark!
You hear a roar!
You hear a screech!
You hear a shout! x8
You hear a roar! x5; You hear a horrible gurgling sound! x2; You hear a roar!
You hear a horrible gurgling sound!
You hear a roar!
You hear a horrible gurgling sound!
You hear a bark!
You hear a roar!
You hear a bellow!
Your soul eater hits the starcursed mass.
The starcursed mass shudders and withdraws towards its neighbour. x2
Something hits your water elemental.
The worldbinder hits your water elemental. x2
You block the chaos spawn's attack.
Something engulfs your soul eater but does no damage.
A chorus of shrieks assaults your mind.
* * * LOW HITPOINT WARNING * * *
You swap places.
The worldbinder hits your water elemental but does no damage.
The worldbinder hits your water elemental.
The worldbinder calls forth creatures from the Vaults!
The worldbinder calls forth creatures from the Swamp!
Your soul eater completely misses the starcursed mass.
Something hits your water elemental!! The starcursed mass misses you.
Your water elemental hits the starcursed mass.
The starcursed mass shudders and withdraws towards its neighbour. x2
The starcursed mass closely misses your water elemental.
Your soul eater hits the starcursed mass!
The starcursed mass shudders and withdraws towards its neighbour.
Something hits your water elemental!!
Your water elemental is destroyed!
Something completely misses your soul eater.
A starcursed mass splits.
Your water elemental hits the starcursed mass.
The large abomination barely misses your water elemental.
Something hits your red devil!! Something misses your red devil.
Something tail-slaps your red devil.
Your red devil dies!
A chorus of shrieks assaults your mind.
* * * LOW HITPOINT WARNING * * *
Your water elemental hits the starcursed mass.
The starcursed mass shudders and is absorbed by its neighbour.
A starcursed mass splits.
The chaos spawn gores your soul eater but does no damage.
The ironheart preserver mumbles some strange words.
The ironheart preserver begins to accept its allies' injuries.
You hear a bark! x2
You see here a demonic crawler corpse.
Drink which item? (? for menu, Esc to quit)
You are confused.
You feel invigorated.
The ironheart preserver disappears in a puff of smoke!
The yellow draconian monk spits acid at you.
The splash of acid hits you!
* * * LOW HITPOINT WARNING * * *
The acid burns!
You die...

.#{#35X.#
p{##{ X##§#
{#p#({§§{{ ..
###.##{#§##
)# c.#≈x{##3#
.#
#5#x{≈.X##.#
##XX#{3X..#
{{#q#3.X#.#
#{§##@####
.......#..#.
.
###.#.##>....
.#. .##((#.#
# (..# #.....
...# ......
#..# . .###
#... . .. ##
. # #.


You could see 3 starcursed masses, a yellow draconian monk, 2 ironheart
preservers, 2 large abominations, a yaktaur, a worldbinder, a ynoxinul, a chaos
spawn, an ufetubus and a friendly soul eater.

Vanquished Creatures
  An ancient lich (Abyss:3)
  A juggernaut (Depths:1)
  Sojobo (Vaults:4)
  Norris (Depths:2)
  Boris (Vaults:2)
  Margery (Depths:4)
  Frederick (Vaults:3)
  A caustic shrike (Depths:1)
  An iron giant (Depths:3)
  Jory (Vaults:2)
  Xtahua (Depths:4)
  4 golden dragons
  A profane servitor (Abyss:3)
  4 bone dragons (Abyss:3)
  Jorgrun (Vaults:2)
  A Hell Sentinel (Abyss:1)
  14 liches
  5 tentacled monstrosities
  A titan (Depths:4)
  12 tentacled starspawn
  A kraken (Shoals:1)
  Polyphemus (Shoals:3)
  Agnes (D:15)
  8 sphinxes
  A shadow dragon (Depths:2)
  Kirke (D:14)
  A revenant (Abyss:3)
  Roxanne (D:14)
  5 tengu reavers
  11 fire giants
  Wiglaf (Spider:4)
  A draconian scorcher (Abyss:3)
  A corrupter (Abyss:3)
  A daeva (Abyss:3)
  2 iron dragons
  Louise (Spider:4)
  4 ghost moths (Spider:4)
  7 deep elf sorcerers
  A draconian knight (Abyss:3)
  5 emperor scorpions
  Aizul (Spider:2)
  7 frost giants
  11 vault wardens
  2 cacodemons
  A deep elf elementalist (Depths:4)
  20 ironheart preservers
  19 stone giants
  21 very ugly things
  A reaper (Depths:1)
  An ophan (Abyss:3)
  5 vampire knights
  A blood saint (Abyss:3)
  Azrael (D:15)
  A salamander stormcaller (Vaults:3)
  A lorocyproca (Abyss:3)
  3 deep elf demonologists
  10 spark wasps
  A chaos champion (Abyss:3)
  An eidolon (Abyss:3)
  A green death (Abyss:3)
  16 ettins
  2 deep elf death magi
  14 vault guards
  16 merfolk impalers
  6 merfolk javelineers
  14 great orbs of eyes
  14 yaktaur captains
  2 deep elf high priests
  11 entropy weavers
  2 monstrous demonspawn
  10 fire dragons
  10 rakshasas
  3 spriggan air magi
  5 death knights
  3 merfolk avatars
  4 catoblepae
  24 ogre magi
  12 ice dragons
  7 hydras
  Erica (D:11)
  13 centaur warriors
  6 satyrs
  6 merfolk aquamancers
  32 dancing weapons
  9 deep troll shamans
  17 deep troll earth magi
  8 tengu warriors
  7 death yaks
  An orc high priest (Elf:1)
  2 vampire magi
  3 hell hogs (Abyss:3)
  35 thrashing horrors
  The ghost of onono the Covert, a journeyman VSAs of Dithmenos (Lair:1)
  4 spriggan berserkers
  A queen ant (Spider:2)
  17 wretched stars
  27 deep elf knights
  2 soul eaters
  2 sun demons
  2 fire crabs
  3 shadow wraiths
  3 skeletal warriors (Vaults:2)
  6 giant orange brains
  2 iron trolls (Depths:2)
  4 unseen horrors
  6 spatial maelstroms
  A death drake (shapeshifter) (Abyss:3)
  2 golden dragon zombies (Depths:3)
  A sea snake (shapeshifter) (Depths:1)
  11 sea snakes
  7 hell knights
  3 wizards
  An infernal demonspawn (Abyss:3)
  25 deep trolls
  4 flayed ghosts
  4 hill giants
  A gelid demonspawn (Depths:1)
  3 shadow demons
  7 deep elf archers
  9 orc knights
  15 ironbrand convokers
  3 phantasmal warriors
  16 orb spiders
  2 golden dragon skeletons (Depths:3)
  A mana viper (Abyss:3)
  5 necromancers
  A wolf spider (shapeshifter) (Vaults:3)
  30 wolf spiders
  40 ugly things
  5 worldbinders
  18 griffons
  59 deep elf magi
  2 harpies (shapeshifter)
  2 orc sorcerers
  5 manticores
  7 elephants
  25 harpies
  14 cyclopes
  5 salamanders
  9 hornets
  A sphinx skeleton (Depths:3)
  24 fauns
  6 sirens
  8 sixfirhies
  2 guardian serpents (shapeshifter)
  Maurice (D:12)
  3 moths of wrath
  10 black mambas
  A stone giant skeleton (Abyss:1)
  Psyche (D:10)
  6 apocalypse crabs
  A guardian serpent (Abyss:2)
  3 rust devils (Abyss:3)
  5 torpor snails
  5 water nymphs
  A spiny frog (shapeshifter) (Vaults:4)
  10 spiny frogs
  50 large abominations
  2 gargoyles
  22 vault sentinels
  An eye of devastation (Abyss:3)
  2 kobold demonologists
  A rime drake (Lair:6)
  10 orange demons
  12 smoke demons
  5 efreet
  46 yaktaurs
  6 komodo dragons
  4 ice devils
  A tormentor (Abyss:1)
  21 ancient zymes
  12 demonic crawlers
  5 freezing wraiths
  2 hellwings (Abyss:3)
  6 tengu conjurers
  A queen bee (Lair:2)
  6 trolls
  39 merfolk
  5 polar bears
  40 jumping spiders
  3 wind drakes
  28 slime creatures
  31 two-headed ogres
  A harpy skeleton (D:15)
  33 blink frogs
  A wolf spider simulacrum (D:15)
  54 raiju
  A hydra skeleton (Abyss:1)
  5 boulder beetles
  An ice dragon zombie (Abyss:3)
  9 snapping turtles
  5 vampires
  11 flying skulls
  8 air elementals
  3 wyverns
  90 redbacks
  A spriggan (shapeshifter) (Depths:1)
  2 shadows (D:15)
  74 starcursed masses
  6 ynoxinuls
  4 spriggans
  43 tarantellas
  8 wraiths
  A dire elephant simulacrum (Abyss:1)
  6 fire elementals
  13 water elementals
  36 yaks
  A fire bat (shapeshifter) (Vaults:4)
  A basilisk (Lair:6)
  8 fire bats
  A human (shapeshifter) (Depths:2)
  12 neqoxecs
  4 hungry ghosts
  Grum (D:8)
  10 hippogriffs
  5 chaos spawn
  5 wargs
  A mottled dragon (shapeshifter) (Depths:2)
  20 vampire mosquitoes
  12 spatial vortices
  25 soldier ants
  A monstrous demonspawn zombie (Abyss:3)
  2 mottled dragons
  Edmund (D:4)
  14 water moccasins
  6 porcupines
  3 hell hounds (D:15)
  2 ice beasts
  2 giant eyeballs (Depths:2)
  A hell hound (shapeshifter) (Vaults:3)
  27 orc warriors
  A black bear (Lair:2)
  4 sky beasts
  15 wasps
  3 phantoms
  3 eyes of draining
  An eye of draining (shapeshifter) (Depths:3)
  78 ogres
  A centaur (shapeshifter) (Depths:2)
  An ogre (shapeshifter) (D:15)
  The ghost of kay3 the Grand Gadgeteer, an amateur DrAr of Pakellas (D:3)
  7 boggarts (Depths:2)
  18 centaurs
  39 small abominations
  5 wolves
  A crocodile (shapeshifter) (Depths:1)
  3 big kobolds
  11 crocodiles
  18 giant frogs
  2 earth elementals
  A glowing shapeshifter simulacrum (Vaults:1)
  3 scorpions
  32 killer bees
  3 human simulacra
  3 wights (D:9)
  4 electric eels (Lair:1)
  5 howler monkeys
  7 crimson imps
  8 quasits
  4 centaur zombies
  A giant frog zombie (D:8)
  5 hounds
  8 jellies
  6 centaur skeletons
  13 orc priests
  26 orc wizards
  5 iron imps
  A giant frog skeleton (D:13)
  11 iguanas
  Ijyb (D:2)
  38 worker ants
  A killer bee zombie (D:7)
  A naga zombie (Abyss:3)
  9 sheep
  An ogre skeleton (Abyss:3)
  A hound skeleton (D:7)
  2 howler monkey zombies
  An ogre simulacrum (Abyss:1)
  57 river rats
  10 adders
  8 gnolls
  5 shadow imps
  2 white imps
  2 ufetubi
  An ooze (D:5)
  4 worms
  2 dart slugs
  2 giant geckos
  69 orcs
  6 giant cockroaches
  8 goblins
  8 hobgoblins
  12 jackals
  2 quokkas
  A ball python (D:6)
  7 bats
  3 giant newts
  A jackal zombie (D:6)
  10 kobolds
  2 quokka skeletons
  6 rats
  A lurking horror (Abyss:2)
  6 plants
  6 starspawn tentacles (Abyss:3)
  5 tentacles (Shoals:1)
2645 creatures vanquished.

Vanquished Creatures (collateral kills)
  A tentacled monstrosity (Depths:4)
  2 fire giants
  An ice dragon (Depths:3)
  2 hell knights (Depths:4)
  A thrashing horror (Abyss:3)
  A large abomination (Abyss:3)
  A smoke demon (Abyss:3)
  2 yaktaurs
  A redback (Depths:3)
  A neqoxec (Abyss:3)
  A hungry ghost (Abyss:3)
14 creatures vanquished.

Vanquished Creatures (others)
  Arachne (Spider:4)
  5 stone giants
  A salamander stormcaller (Vaults:3)
  A yaktaur captain (Depths:2)
  2 satyrs (Shoals:4)
  4 centaur warriors
  An ogre mage (Depths:2)
  A deep elf knight (Elf:2)
  An ironbrand convoker (Vaults:2)
  2 deep elf archers
  6 fauns
  3 cyclopes
  A smoke demon (Abyss:3)
  A centaur skeleton (D:14)
  9 yaktaurs
  An ancient zyme (Abyss:3)
  A jumping spider (Spider:2)
  A raiju (Abyss:3)
  A redback (Spider:4)
  A large abomination (Abyss:2)
  A ynoxinul (Abyss:3)
  3 humans (D:14)
  A golden eye (Abyss:3)
  An ogre (Vaults:3)
  2 centaurs
  A crimson imp (D:5)
  An orc wizard (D:3)
  2 bushes
  5 demonic plants (Abyss:3)
  20 fungi
  9 lurking horrors
  35 plants
  37 starspawn tentacles
  645 starspawn tentacle segments
  9 tentacles (Shoals:1)
  442 tentacle segments (Shoals:1)
1258 creatures vanquished.

Grand Total: 3917 creatures vanquished

Notes
Turn   | Place    | Note
--------------------------------------------------------------
     0 | D:1      | MenacingMecha the Formicid Fighter began the quest for the Orb.
     0 | D:1      | Reached XP level 1. HP: 18/18 MP: 1/1
   121 | D:1      | Reached XP level 2. HP: 24/24 MP: 2/2
   438 | D:1      | Reached skill level 3 in Long Blades
   651 | D:2      | Reached XP level 3. HP: 29/29 MP: 3/3
   758 | D:2      | Noticed Ijyb
   786 | D:2      | Killed Ijyb
   786 | D:2      | Reached skill level 4 in Long Blades
   786 | D:2      | Reached XP level 4. HP: 24/35 MP: 4/4
  1819 | D:2      | Reached skill level 5 in Long Blades
  1819 | D:2      | Reached XP level 5. HP: 13/41 MP: 5/5
  2100 | D:3      | Found a shimmering altar of Xom.
  2298 | D:3      | Found a sacrificial altar of Ru.
  2536 | D:3      | Noticed kay3's ghost (amateur DrAr)
  2673 | D:3      | Reached XP level 6. HP: 44/47 MP: 6/6
  3156 | D:4      | Noticed Edmund
  3391 | D:4      | Got a bloodstained hat
  3441 | D:4      | Reached skill level 6 in Long Blades
  4015 | D:4      | Reached skill level 4 in Fighting
  4064 | D:4      | Got an encrusted buckler
  4070 | D:4      | Identified the +1 buckler of the Jabberwock {rElec rC+ Str+6} (You found it on level 4 of the Dungeon)
  4186 | D:5      | Entered Level 5 of the Dungeon
  4325 | D:5      | Noticed a phantom
  4451 | D:4      | You fall through a shaft for 2 floors!
  4452 | D:6      | Found a staircase to the Ecumenical Temple.
  4474 | D:6      | Reached skill level 5 in Fighting
  4474 | D:6      | Reached XP level 7. HP: 30/56 MP: 7/7
  4703 | D:5      | Reached skill level 6 in Fighting
  4926 | D:5      | Reached XP level 8. HP: 59/64 MP: 8/8
  4938 | D:5      | Found a basalt altar of Yredelemnul.
  4968 | D:5      | Reached skill level 7 in Long Blades
  5185 | D:5      | Reached skill level 2 in Dodging
  5244 | D:5      | Found a white marble altar of Elyvilon.
  5645 | D:5      | Reached skill level 3 in Dodging
  5822 | D:6      | Reached skill level 4 in Dodging
  6090 | Temple   | Entered the Ecumenical Temple
  6106 | Temple   | Became a worshipper of Cheibriados the Contemplative
  6185 | D:7      | Found an iron altar of Okawaru.
  6262 | D:7      | Reached skill level 5 in Dodging
  6269 | D:7      | Noticed a spriggan baker
  6287 | D:7      | Killed a spriggan baker
  6287 | D:7      | Reached XP level 9. HP: 47/69 MP: 9/9
  6337 | D:7      | Reached skill level 6 in Dodging
  6555 | D:7      | Found a shattered altar of Ashenzari.
  6684 | D:7      | Reached skill level 8 in Long Blades
  6714 | D:7      | You fall through a shaft for 3 floors!
  6714 | D:10     | Entered Level 10 of the Dungeon
  6830 | D:9      | Found an ancient bone altar of Kikubaaqudgha.
  6896 | D:8      | Found a snail-covered altar of Cheibriados.
  6962 | D:8      | Reached * piety under Cheibriados
  6991 | D:8      | Found an iron altar of Okawaru.
  6999 | D:8      | Noticed a two-headed ogre
  7003 | D:8      | Killed a two-headed ogre
  7003 | D:8      | Reached skill level 9 in Long Blades
  7096 | D:8      | Noticed Grum
  7121 | D:8      | Killed Grum
  7121 | D:8      | Reached XP level 10. HP: 66/76 MP: 10/10
  7128 | D:8      | Reached skill level 10 in Long Blades
  7678 | D:8      | Reached ** piety under Cheibriados
  7688 | D:8      | Reached skill level 1 in Invocations
  7694 | D:8      | Reached skill level 2 in Invocations
  7930 | D:8      | Found a white marble altar of Elyvilon.
  7991 | D:8      | Reached skill level 3 in Invocations
  8024 | D:8      | Reached skill level 11 in Long Blades
  8355 | D:9      | Found a shadowy altar of Dithmenos.
  8466 | D:9      | Found a staircase to the Orcish Mines.
  8843 | D:9      | Reached *** piety under Cheibriados
  9018 | D:9      | Found a deep blue altar of Sif Muna.
  9102 | D:9      | Reached skill level 12 in Long Blades
  9107 | D:9      | Reached skill level 4 in Invocations
  9122 | D:9      | Reached skill level 5 in Invocations
  9122 | D:9      | Reached XP level 11. HP: 72/81 MP: 14/14
  9362 | D:10     | Reached skill level 6 in Invocations
  9495 | D:10     | Reached **** piety under Cheibriados
  9687 | D:10     | Noticed Psyche
  9692 | D:10     | Noticed an unseen horror
  9694 | D:10     | Killed Psyche
  9713 | D:10     | Killed an unseen horror
  9713 | D:10     | Reached skill level 13 in Long Blades
  9773 | D:10     | Got a distressingly furry scale mail
  9837 | D:10     | Noticed a hill giant
  9852 | D:10     | Killed a hill giant
 10026 | D:10     | Identified the cursed +1 scale mail "Immes" {rPois MR+++ rCorr Dex-4 Slay-5} (You took it off an orc on level 10 of the Dungeon)
 10186 | D:10     | Found a staircase to the Lair.
 10192 | Lair:1   | Entered Level 1 of the Lair of Beasts
 10352 | Lair:1   | Noticed onono's ghost (journeyman VSAs)
 10535 | D:10     | Reached ***** piety under Cheibriados
 10582 | Lair:1   | Killed onono's ghost
 10772 | Lair:1   | Noticed an eight-headed hydra
 10776 | Lair:1   | You fall through a shaft!
 10797 | Lair:2   | Reached skill level 14 in Long Blades
 10827 | Lair:2   | Reached skill level 7 in Invocations
 11243 | Lair:2   | Reached skill level 8 in Invocations
 11248 | Lair:2   | Reached XP level 12. HP: 61/88 MP: 16/18
 11763 | Lair:2   | Found a stormy altar of Qazlal.
 11781 | Lair:2   | Reached skill level 7 in Fighting
 12480 | Lair:2   | Reached skill level 4 in Armour
 12582 | Lair:2   | Reached skill level 8 in Fighting
 12830 | Lair:3   | Reached skill level 7 in Dodging
 12849 | Lair:3   | You fall through a shaft for 2 floors!
 13287 | Lair:4   | Found a staircase to the Shoals.
 13314 | Lair:4   | Reached skill level 9 in Fighting
 13634 | Lair:4   | Got a shimmering rapier
 13635 | Lair:4   | Identified the +2 rapier "Kediffot" {flame, *Noise rN++ MR++} (You found it on level 4 of the Lair of Beasts)
 13816 | Lair:3   | Reached skill level 8 in Dodging
 14154 | Lair:3   | Got a transparent scale mail
 14155 | Lair:3   | Identified the cursed +0 scale mail of Cueruto {Regen+} (You found it on level 3 of the Lair of Beasts)
 14227 | Lair:3   | Noticed an eight-headed hydra
 14239 | Lair:3   | You fall through a shaft for 3 floors!
 14241 | Lair:6   | Noticed a four-headed hydra
 14246 | Lair:6   | You fall through a shaft!
 14604 | Lair:7   | Reached skill level 1 in Stealth
 14709 | Lair:6   | You fall through a shaft for 2 floors!
 14709 | Lair:8   | Entered Level 8 of the Lair of Beasts
 14711 | Lair:8   | Got a polished buckler
 14715 | Lair:8   | Reached skill level 10 in Fighting
 14754 | Lair:8   | Identified the +2 buckler of the Bulwark {Int+2} (You found it on level 8 of the Lair of Beasts)
 15048 | Lair:7   | Reached skill level 2 in Stealth
 15048 | Lair:7   | Reached XP level 13. HP: 103/103 MP: 19/19
 15107 | Lair:7   | Reached ****** piety under Cheibriados
 15203 | Lair:7   | Reached skill level 3 in Stealth
 15313 | Lair:7   | Reached skill level 1 in Evocations
 15679 | Lair:7   | Reached skill level 9 in Dodging
 15719 | Lair:7   | Reached skill level 2 in Evocations
 15759 | Lair:7   | Upgraded the game from 0.18.1-5-g4a78601 to 0.18.1-6-gd335043
 15772 | Lair:7   | Reached skill level 4 in Stealth
 16048 | Lair:7   | Reached skill level 3 in Evocations
 16340 | Lair:6   | Reached skill level 11 in Fighting
 16340 | Lair:6   | Reached skill level 4 in Evocations
 16797 | Lair:6   | Killed a four-headed hydra
 17691 | Lair:6   | Reached skill level 5 in Evocations
 18026 | Lair:5   | Reached skill level 10 in Dodging
 18029 | Lair:5   | Found a hole to the Spider Nest.
 18824 | Lair:5   | Reached skill level 12 in Fighting
 18824 | Lair:5   | Reached XP level 14. HP: 50/115 MP: 20/20
 20631 | Lair:3   | Reached skill level 11 in Dodging
 21177 | Lair:1   | Reached skill level 13 in Fighting
 21706 | Lair:2   | Gained mutation: You possess an exceptional clarity of mind. [potion of beneficial mutation]
 21931 | D:4      | Killed Edmund
 21989 | D:3      | Killed kay3's ghost
 22188 | D:11     | Noticed Maurice
 22204 | D:11     | Reached skill level 5 in Armour
 22247 | D:11     | Got a pitted scale mail
 22417 | D:11     | Noticed Erica
 22417 | D:11     | Reached skill level 9 in Invocations
 22434 | D:11     | Killed Erica
 22919 | D:12     | Found a burning altar of Makhleb.
 22930 | D:12     | Killed Maurice
 22963 | D:11     | Identified the +1 scale mail "Niskatos" {rPois rN+++ Regen+ Stlth-} (You found it on level 11 of the Dungeon)
 23370 | D:12     | Reached skill level 6 in Armour
 23975 | D:13     | Reached skill level 10 in Invocations
 24484 | D:13     | Reached XP level 15. HP: 125/125 MP: 22/22
 24515 | D:13     | Reached skill level 7 in Armour
 24634 | D:13     | Found a gate to the Vaults.
 24640 | D:13     | Gained mutation: Your flesh is heat resistant. [potion of beneficial mutation]
 24992 | D:9      | Reached skill level 14 in Fighting
 25004 | Orc:1    | Entered Level 1 of the Orcish Mines
 25021 | Orc:1    | Found Meilu's General Store.
 25273 | Orc:2    | Entered Level 2 of the Orcish Mines
 25394 | Orc:2    | Found a staircase to the Elven Halls.
 25511 | Orc:2    | Found Mefanoodgh's Book Shop.
 25525 | Orc:2    | Reached skill level 15 in Long Blades
 25599 | Orc:2    | Found Bead's Antique Armour Boutique.
 25804 | Orc:2    | Noticed a stone giant
 25821 | Orc:2    | Killed a stone giant
 26158 | Orc:2    | Noticed a stone giant
 26172 | Orc:2    | Killed a stone giant
 26592 | Orc:2    | Found a roughly hewn altar of Beogh.
 26641 | Orc:2    | Found Mehautow's General Store.
 26657 | Orc:2    | Bought a box of beasts for 280 gold pieces
 26708 | Orc:2    | Found Irokacay's Antique Weapon Emporium.
 26716 | Orc:2    | Bought a runed great sword for 273 gold pieces
 26972 | Elf:1    | Entered Level 1 of the Elven Halls
 27043 | Elf:1    | Reached skill level 16 in Long Blades
 27496 | Elf:1    | Found Diegu's General Store.
 27526 | Elf:1    | Reached XP level 16. HP: 133/133 MP: 23/23
 27867 | Elf:1    | Reached skill level 17 in Long Blades
 28506 | Elf:1    | Identified a scroll of acquirement
 28507 | Elf:1    | Got an ancient great sword
 28508 | Elf:1    | Identified the +1 great sword of Ynkiuvvu {slice, +Blink rF+ Dex+4 SInv} (You acquired it on level 1 of the Elven Halls)
 28775 | Elf:2    | Found a huge runed gate.
 28775 | Elf:2    | Found a huge runed gate.
 28775 | Elf:2    | Found a huge runed gate.
 29337 | Elf:2    | Reached skill level 18 in Long Blades
 29644 | Elf:2    | Reached skill level 6 in Evocations
 29648 | Elf:2    | Reached skill level 8 in Armour
 29849 | Elf:2    | Reached skill level 7 in Evocations
 30330 | Elf:2    | Reached skill level 9 in Armour
 30428 | Elf:2    | Reached skill level 8 in Evocations
 30428 | Elf:2    | Reached XP level 17. HP: 124/139 MP: 24/24
 30553 | Elf:2    | Reached skill level 9 in Evocations
 31209 | Elf:1    | Reached skill level 10 in Evocations
 31725 | D:14     | Found Qego's Weapon Emporium.
 32201 | D:14     | Noticed Roxanne
 32260 | D:14     | Found a stormy altar of Qazlal.
 32282 | D:14     | Noticed Kirke
 32288 | D:14     | Killed Kirke
 32750 | D:15     | Entered Level 15 of the Dungeon
 32955 | D:15     | Noticed Agnes
 32962 | D:15     | Killed Agnes
 33152 | D:15     | Noticed Azrael
 33165 | D:15     | Killed Azrael
 33287 | D:15     | Reached skill level 19 in Long Blades
 33292 | D:15     | Found a staircase to the Depths.
 34185 | Spider:1 | Entered Level 1 of the Spider Nest
 34539 | Spider:1 | Reached skill level 5 in Stealth
 34542 | Spider:1 | Reached XP level 18. HP: 127/147 MP: 25/25
 35050 | Spider:1 | Reached skill level 6 in Stealth
 36085 | Spider:3 | Noticed Aizul
 36097 | Spider:2 | Reached skill level 20 in Long Blades
 36464 | Spider:2 | Killed Aizul
 36464 | Spider:2 | Reached skill level 15 in Fighting
 36633 | Spider:3 | Reached skill level 4 in Shields
 37432 | Lair:2   | Learned a level 1 spell: Apportation
 37437 | Lair:2   | Learned a level 4 spell: Passage of Golubria
 37534 | Shoals:1 | Entered Level 1 of the Shoals
 37561 | Shoals:1 | Reached skill level 1 in Translocations
 37722 | Shoals:1 | HP: 35/149 [drowned by a drowned soul[a merfolk avatar] (10)]
 37724 | Shoals:1 | HP: 14/149 [drowned by a drowned soul[a merfolk avatar] (10)]
 38138 | Shoals:1 | Reached skill level 2 in Translocations
 38652 | Shoals:1 | Reached XP level 19. HP: 135/155 MP: 26/26
 38805 | Shoals:1 | Reached skill level 3 in Translocations
 39465 | Shoals:2 | Reached skill level 21 in Long Blades
 39480 | Shoals:2 | Reached skill level 4 in Translocations
 40534 | Shoals:3 | Noticed Polyphemus
 40777 | Shoals:2 | Reached skill level 5 in Translocations
 40794 | Shoals:3 | Killed Polyphemus
 41555 | Shoals:3 | Noticed Mara
 42121 | Spider:4 | Entered Level 4 of the Spider Nest
 42359 | Spider:4 | HP: 38/155 [redback (10)]
 42364 | Spider:4 | HP: 34/155 [poisoned by a wolf spider]
 42369 | Spider:4 | HP: 30/155 [poisoned by a wolf spider]
 42374 | Spider:4 | HP: 29/155 [poisoned by a wolf spider]
 42379 | Spider:4 | HP: 27/155 [poisoned by a wolf spider]
 42386 | Spider:4 | HP: 27/155 [poisoned by a wolf spider]
 42392 | Spider:4 | HP: 27/155 [poisoned by a wolf spider]
 42401 | Spider:4 | HP: 28/155 [poisoned by a wolf spider]
 42407 | Spider:4 | HP: 29/155 [poisoned by a wolf spider]
 42413 | Spider:4 | HP: 30/155 [poisoned by a wolf spider]
 42419 | Spider:4 | HP: 31/155 [poisoned by a wolf spider]
 42499 | Spider:4 | Noticed Arachne
 42511 | Spider:4 | Killed Arachne
 43041 | Spider:4 | Reached skill level 6 in Translocations
 43084 | Spider:4 | Noticed Louise
 43096 | Spider:4 | Killed Louise
 43274 | Spider:4 | Reached skill level 22 in Long Blades
 43285 | Spider:4 | Reached XP level 20. HP: 143/162 MP: 18/27
 43874 | Spider:4 | Reached skill level 7 in Translocations
 44044 | Spider:4 | Noticed Wiglaf
 44059 | Spider:4 | Killed Wiglaf
 44344 | Spider:4 | Got a gossamer rune of Zot
 44735 | Lair:5   | Reached skill level 12 in Dodging
 44735 | Lair:5   | Reached skill level 8 in Translocations
 45103 | Vaults:1 | Entered Level 1 of the Vaults
 45373 | Vaults:1 | Got a dazzling demon blade
 45378 | Vaults:1 | Identified the +2 demon blade of Jooghoshrat {vamp, Fragile rElec rF+} (You found it on level 1 of the Vaults)
 45559 | Vaults:1 | Found Lyaghoeffo's Food Shop.
 45567 | Vaults:1 | Found Zioroah's Antique Weapon Shoppe.
 45671 | Vaults:1 | Found Foqeohud's Jewellery Emporium.
 45679 | Vaults:1 | Bought the brooch of Shielding {Reflect SH+8} for 480 gold pieces
 45728 | Vaults:1 | Reached skill level 9 in Translocations
 45885 | Vaults:1 | Reached skill level 10 in Translocations
 46718 | Vaults:2 | Noticed Boris
 46729 | Vaults:2 | Killed Boris
 46746 | Vaults:2 | Reached skill level 10 in Armour
 46746 | Vaults:2 | Reached XP level 21. HP: 80/169 MP: 24/28
 47080 | Vaults:2 | Reached skill level 5 in Shields
 47189 | Vaults:2 | Noticed Jorgrun
 47196 | Vaults:2 | Killed Jorgrun
 47298 | Vaults:2 | Reached skill level 6 in Shields
 47532 | Vaults:2 | Reached skill level 16 in Fighting
 47538 | Vaults:2 | Reached skill level 7 in Shields
 47978 | Vaults:2 | Found a staircase to the Crypt.
 48383 | Vaults:2 | Reached skill level 8 in Shields
 48540 | Vaults:2 | Noticed Jory
 48552 | Vaults:2 | Killed Jory
 48555 | Vaults:2 | Reached skill level 9 in Shields
 49077 | Vaults:3 | Reached skill level 17 in Fighting
 49097 | Vaults:3 | Learned a level 2 spell: Passwall
 49227 | Vaults:3 | Reached skill level 10 in Shields
 49228 | Vaults:3 | Noticed Frederick
 49235 | Vaults:3 | Killed Frederick
 49271 | Vaults:3 | Reached skill level 11 in Shields
 49463 | Vaults:3 | Reached XP level 22. HP: 136/181 MP: 23/29
 49471 | Vaults:3 | Reached skill level 12 in Shields
 50055 | Vaults:3 | Reached skill level 13 in Shields
 50390 | Vaults:3 | Reached skill level 14 in Shields
 50839 | Vaults:3 | You fall through a shaft!
 50940 | Vaults:3 | Found a shattered altar of Ashenzari.
 51108 | Vaults:3 | Reached skill level 15 in Shields
 52163 | Vaults:3 | Reached XP level 23. HP: 57/187 MP: 23/30
 52164 | Vaults:3 | HP: 42/187 [great orb of eyes (12)]
 52689 | Vaults:4 | Reached skill level 23 in Long Blades
 52984 | Vaults:4 | Found Teuschoe's Antique Armour Emporium.
 53013 | Vaults:4 | Bought a pair of blackened boots for 465 gold pieces
 53025 | Vaults:4 | Identified the cursed -5 pair of boots of Unupa {+Blink rElec rN++} (You bought it in a shop on level 4 of the Vaults)
 53170 | Vaults:4 | Noticed Sojobo
 53190 | Vaults:4 | Killed Sojobo
 53761 | Vaults:4 | Reached skill level 24 in Long Blades
 53761 | Vaults:4 | Reached XP level 24. HP: 195/195 MP: 30/30
 54305 | Vaults:2 | HP: 33/195 [flayed ghost/flay_damage (19)]
 54306 | Vaults:2 | HP: 3/195 [acid[an ironheart preserver] (15)]
 55141 | Shoals:4 | Entered Level 4 of the Shoals
 55214 | Shoals:4 | Reached skill level 13 in Dodging
 55238 | Shoals:4 | HP: 48/195 [manticore/volley of spikes (3)]
 55244 | Shoals:3 | HP: 36/195 [sea snake (12)]
 56225 | Shoals:4 | Reached skill level 14 in Dodging
 56239 | Shoals:4 | Reached XP level 25. HP: 195/201 MP: 28/30
 56291 | Shoals:4 | Got a barnacled rune of Zot
 56357 | Shoals:4 | Noticed Ilsuiw
 56366 | Shoals:3 | Noticed MenacingMecha's illusion
 56854 | Depths:1 | Entered Level 1 of the Depths
 56964 | Depths:1 | Reached skill level 11 in Armour
 57140 | Depths:1 | Found a one-way gate leading to the halls of Pandemonium.
 57403 | Depths:1 | Noticed a juggernaut
 57415 | Depths:1 | Killed a juggernaut
 57415 | Depths:1 | Reached skill level 12 in Armour
 57505 | Depths:1 | Noticed a caustic shrike
 57513 | Depths:1 | Killed a caustic shrike
 57743 | Depths:1 | Reached skill level 11 in Translocations
 57786 | Depths:1 | Got an ichor-stained arbalest
 57787 | Depths:1 | Identified the +8 arbalest "Ant's Death" {elec, rC+ Str+4 Int+4} (You found it on level 1 of the Depths)
 57819 | Depths:1 | Found a gateway to Hell.
 57847 | Depths:1 | Reached skill level 1 in Spellcasting
 57860 | Depths:1 | Reached skill level 2 in Spellcasting
 58080 | Depths:1 | Reached skill level 3 in Spellcasting
 58247 | Depths:1 | Reached skill level 1 in Crossbows
 58401 | Depths:1 | Reached skill level 2 in Crossbows
 58502 | Depths:2 | Reached skill level 3 in Crossbows
 58674 | Depths:2 | Reached skill level 4 in Crossbows
 58737 | Depths:2 | Reached skill level 5 in Crossbows
 58933 | Depths:2 | Reached skill level 6 in Crossbows
 58963 | Depths:2 | Reached skill level 7 in Crossbows
 59141 | Depths:2 | Reached skill level 8 in Crossbows
 59230 | Depths:2 | Reached XP level 26. HP: 125/208 MP: 30/30
 59344 | Depths:2 | Reached skill level 9 in Crossbows
 59524 | Depths:2 | Identified a +6 lightning rod (14/14) (You found it on level 2 of the Depths)
 59648 | Depths:2 | Noticed Norris
 59692 | Depths:2 | Killed Norris
 59692 | Depths:2 | Reached skill level 10 in Crossbows
 59843 | Depths:2 | Reached skill level 11 in Crossbows
 59990 | Depths:2 | Got a dazzling chain mail
 59991 | Depths:2 | Identified the +3 chain mail "Vaps" {+Blink rF++ Str-4 Dex+2} (You found it on level 2 of the Depths)
 60110 | Depths:2 | Reached skill level 13 in Armour
 60152 | Depths:2 | Reached skill level 7 in Stealth
 60362 | Depths:2 | Identified a +2 rod of clouds (11/11) (You took it off a boggart on level 2 of the Depths)
 60386 | Depths:2 | Reached skill level 11 in Evocations
 60438 | Depths:2 | Learned a level 1 spell: Animate Skeleton
 60492 | Depths:2 | Reached skill level 8 in Stealth
 60599 | Depths:2 | Reached skill level 1 in Necromancy
 60791 | Depths:2 | Reached skill level 2 in Necromancy
 60879 | Depths:2 | Reached skill level 9 in Stealth
 61029 | Depths:3 | Reached skill level 3 in Necromancy
 61246 | Depths:3 | Reached skill level 12 in Evocations
 61260 | Depths:3 | Reached skill level 4 in Necromancy
 61513 | Depths:3 | Reached skill level 10 in Stealth
 61629 | Depths:3 | Reached XP level 27. HP: 212/214 MP: 32/32
 61634 | Depths:3 | Reached skill level 5 in Necromancy
 61738 | Depths:3 | Cast into level 2 of the Abyss (a deep elf sorcerer)
 62637 | Abyss:2  | Gained mutation: Your body sometimes deteriorates upon taking damage. [a cacodemon]
 62685 | Depths:3 | Escaped the Abyss
 62696 | Depths:3 | Reached skill level 18 in Fighting
 62947 | Depths:3 | Identified the Disquisition on Enchantment and the Snowflakes
 62955 | Depths:3 | Learned a level 2 spell: Repel Missiles
 63208 | Depths:3 | Reached skill level 1 in Charms
 63256 | Depths:3 | Reached skill level 1 in Air Magic
 63424 | Depths:3 | Found a gateway to a ziggurat.
 63426 | Depths:3 | Reached skill level 2 in Charms
 63439 | Depths:3 | Reached skill level 2 in Air Magic
 63502 | Depths:3 | Reached skill level 3 in Charms
 63598 | Depths:3 | Reached skill level 4 in Charms
 63774 | Depths:3 | Reached skill level 5 in Charms
 64099 | Depths:4 | Found a one-way gate to the infinite horrors of the Abyss.
 64121 | Depths:4 | Reached skill level 6 in Charms
 64204 | Depths:4 | Reached skill level 7 in Charms
 64249 | Depths:4 | Reached skill level 4 in Spellcasting
 64287 | Depths:4 | Reached skill level 5 in Spellcasting
 64317 | Depths:4 | HP: 12/217 [lich/iron shot (57)]
 64321 | Depths:4 | Reached skill level 6 in Spellcasting
 64322 | Depths:4 | HP: 21/217 [poisoned by a tengu conjurer (bolt of poison)]
 64329 | Depths:4 | HP: 37/217 [poisoned by a tengu conjurer (bolt of poison)]
 64335 | Depths:4 | HP: 39/217 [poisoned by a tengu conjurer (bolt of poison)]
 64345 | Depths:4 | HP: 43/217 [poisoned by a tengu conjurer (bolt of poison)]
 64351 | Depths:4 | HP: 44/217 [poisoned by a tengu conjurer (bolt of poison)]
 64732 | Depths:4 | Reached skill level 7 in Spellcasting
 64778 | Depths:4 | Noticed Margery
 64785 | Depths:4 | Reached skill level 8 in Spellcasting
 64790 | Depths:4 | Killed Margery
 64849 | Depths:4 | Got a heavily runed jade ring
 64850 | Depths:4 | Identified the ring of Nousirph {*Corrode +Fly Str+3 Dex+5} (You took it off a hell knight on level 4 of the Depths)
 65054 | Depths:4 | Noticed Xtahua
 65070 | Depths:4 | Killed Xtahua
 65249 | Depths:4 | Reached skill level 15 in Dodging
 65479 | Depths:4 | Found Wueloat's Book Shoppe.
 65936 | D:14     | Killed Roxanne
 66294 | Depths:1 | Reached skill level 11 in Invocations
 66414 | Depths:4 | Voluntarily entered the Abyss.
 66765 | Abyss:1  | Reached skill level 12 in Invocations
 67145 | Abyss:1  | Noticed an ancient lich
 67436 | Depths:4 | Escaped the Abyss
 67917 | Lair:2   | Learned a level 3 spell: Portal Projectile
 68299 | Depths:4 | Voluntarily entered the Abyss.
 68747 | Abyss:2  | Identified Xetatir's Grimoire of Aerial Changing
 68777 | Abyss:3  | Reached skill level 14 in Armour
 69235 | Abyss:3  | Reached skill level 12 in Crossbows
 69647 | Abyss:3  | Reached skill level 13 in Crossbows
 69799 | Abyss:3  | Found a corrupted altar of Lugonu.
 69997 | Abyss:3  | Found a corrupted altar of Lugonu.
 70047 | Abyss:3  | Gained mutation: You are frail (-10% HP). [a neqoxec]
 70048 | Abyss:3  | Gained mutation: You occasionally shout uncontrollably at your foes. [a neqoxec]
 70141 | Abyss:3  | Gained mutation: You are dopey. (Int -2) [a neqoxec]
 70174 | Abyss:3  | Reached skill level 14 in Crossbows
 70383 | Abyss:3  | Noticed an ancient lich
 70404 | Abyss:3  | Killed an ancient lich
 70746 | Abyss:3  | Reached skill level 15 in Crossbows
 71507 | Abyss:3  | Reached skill level 16 in Crossbows
 72027 | Abyss:3  | Reached skill level 17 in Crossbows
 72494 | Abyss:3  | HP: 42/195 [lurking horror (40)]
 72516 | Abyss:3  | HP: 46/195 [starcursed mass/accursed screaming (8)]
 72527 | Abyss:3  | HP: 44/195 [starcursed mass/accursed screaming (6)]
 72603 | Abyss:3  | Reached skill level 18 in Crossbows
 72760 | Abyss:3  | HP: 49/197 [large abomination (12)]
 72765 | Abyss:3  | HP: 42/197 [acid (13)]
 72770 | Abyss:3  | HP: 43/197 [twister/tornado[a card of wild magic] (9)]
 72775 | Abyss:3  | HP: 19/197 [starcursed mass/accursed screaming (9)]
 72777 | Abyss:3  | Splashed by a yellow draconian monk's acid

Skill      XL: |  1  2  3  4  5  6  7  8  9 10 11 12 13 14 15 16 17 18 19 20 21 22 23 24 25 26 27 |
---------------+----------------------------------------------------------------------------------+-----
Long Blades    | 3 4 5 6 7 9 12 14 16 18 19 20 22 24 | 24.0
Fighting       | 5 6 10 12 13 14 15 17 18 | 18.6
Dodging        | 5 6 8 10 11 12 14 15 | 15.0
Invocations    | 5 8 10 12 | 12.5
Armour         | 4 6 7 9 10 12 13 14 | 14.0
Stealth        | 2 4 5 6 10 | 10.0
Evocations     | 5 8 10 12 | 12.5
Shields        | 4 11 15 | 15.3
Translocations | 2 6 10 11 | 11.0
Spellcasting   | 3 8 |  8.0
Crossbows      | 8 11 18 | 18.0
Necromancy     | 4 5 |  5.4
Charms         | 7 |  7.0
Air Magic      | 2 |  2.0

Action                   |  1- 3 |  4- 6 |  7- 9 | 10-12 | 13-15 | 16-18 | 19-21 | 22-24 | 25-27 || total
-------------------------+-------+-------+-------+-------+-------+-------+-------+-------+-------++-------
Melee: Long sword        |    80 |   190 |   291 |   868 |   735 |       |       |       |       ||  2164
       Rapier            |       |       |       |     4 |    28 |       |       |       |       ||    32
       Scimitar          |       |       |       |       |   182 |       |       |       |       ||   182
       Great sword       |       |       |       |       |   330 |   271 |       |       |       ||   601
       Triple sword      |       |       |       |       |       |   759 |  1203 |   773 |  2426 ||  5161
 Fire: Arbalest          |       |       |       |       |       |       |       |       |   572 ||   572
Throw: Tomahawk          |       |       |     2 |    19 |       |       |       |     2 |       ||    23
       Throwing net      |       |       |     1 |     4 |       |     3 |       |       |       ||     8
 Cast: Passage of Golubr |       |       |       |       |       |       |     3 |       |       ||     3
       Animate Skeleton  |       |       |       |       |       |       |       |       |    39 ||    39
       Apportation       |       |       |       |       |       |       |       |       |    19 ||    19
       Portal Projectile |       |       |       |       |       |       |       |       |    11 ||    11
       Repel Missiles    |       |       |       |       |       |       |       |       |     4 ||     4
Invok: Bend Time         |       |       |     1 |     1 |     4 |     1 |     5 |     2 |     2 ||    16
       Slouch            |       |       |       |     1 |     2 |     5 |     9 |    10 |    12 ||    39
       Step From Time    |       |       |       |       |     1 |       |     1 |       |       ||     2
       Temporal Distorti |       |       |       |       |       |     1 |       |       |       ||     1
 Abil: Dig               |       |     8 |     3 |    18 |    31 |    35 |    15 |     1 |    42 ||   153
       Shaft Self        |       |     1 |     1 |     5 |       |       |       |       |       ||     7
Evoke: Wand              |       |       |       |       |     6 |    18 |    39 |    15 |     1 ||    79
       Box of beasts     |       |       |       |       |       |       |       |     1 |       ||     1
       Deck              |       |       |       |       |       |       |       |       |     2 ||     2
       Phial of floods   |       |       |       |       |       |       |       |       |     1 ||     1
  Use: Scroll            |       |       |     2 |    20 |     8 |    10 |     3 |     1 |     9 ||    53
       Potion            |       |       |     4 |     4 |     5 |     2 |     1 |     3 |     6 ||    25
 Stab: Held in net/web   |       |       |       |     1 |     3 |       |       |       |       ||     4
       Sleeping          |       |       |       |     1 |     5 |     1 |     1 |     1 |       ||     9
       Distracted        |       |       |       |       |     3 |       |     1 |     1 |     2 ||     7
       Confused          |       |       |       |       |       |       |     1 |       |       ||     1
       Paralysed         |       |       |       |       |       |       |       |       |     3 ||     3
       Petrifying        |       |       |       |       |       |       |       |       |     1 ||     1
  Eat: Chunk             |       |    13 |     6 |    17 |    28 |    21 |    18 |    12 |    14 ||   129
       Meat ration       |       |       |     2 |       |       |     1 |     1 |       |     3 ||     7
       Fruit             |       |       |     1 |       |     1 |       |       |       |     4 ||     6
       Pizza             |       |       |       |       |       |       |     1 |     1 |     2 ||     4
       Royal jelly       |       |       |       |       |       |       |     1 |       |       ||     1
       Beef jerky        |       |       |       |       |       |       |       |       |     1 ||     1
Armor: Scale mail        |    46 |   107 |    89 |   157 |   139 |    82 |       |       |       ||   620
       Chain mail        |       |       |       |       |    67 |   144 |   231 |    70 |       ||   512
       Plate armour      |       |       |       |       |       |       |       |    35 |   129 ||   164
       Gold dragon armou |       |       |       |       |       |       |       |       |   142 ||   142
Dodge: Dodged            |    41 |   113 |   158 |   678 |   908 |  1142 |  1082 |   445 |  1134 ||  5701
       Deflected         |       |       |       |       |       |       |       |       |    23 ||    23
Block: Buckler           |       |    13 |    94 |   331 |   445 |   949 |  1092 |   163 |       ||  3087
       Reflection        |       |       |       |       |       |    35 |   120 |   167 |   157 ||   479
       Large shield      |       |       |       |       |       |       |       |  1128 |  3269 ||  4397

Vault maps used:
D:1:      tarquinn_simple_flora_water_d
D:2:      uniq_iyjb
D:3:      lemuel_round_altar, xom_teletrap_fun
D:4:      first_bread, uniq_edmund
D:5:      yredelemnul_altar_generic, elyvilon_altar_3
D:6:      minmay_temple_entry_grid
D:7:      cheibrodos_ashenzari_chains, serial_shops, shop, the_bakery,
          okawaru_trees_2, uniq_crazy_yiuf_cottage
D:8:      kennysheep_little_box, marbit_many_paths, basic_altar, uniq_grum
D:9:      nicolae_overflow_hidden_temple, lemuel_blue_sif_altar,
          nicolae_dithmenos_shadow_blocks, david_orc_3, minmay_crystal_room
D:10:     lair_0_dummy, uniq_psyche
D:11:     uniq_erica, uniq_maurice
D:12:     hangedman_abyss_or_decor_jellyfish_corner, bloody_makhleb
D:13:     erik_vaults_2
D:14:     serial_shops, nicolae_shop_statue_plus, serial_park_square3,
          grunt_qazlal_clouds, uniq_roxanne, uniq_kirke
D:15:     hangedman_depths_entry_try_elsewhere_first, minmay_stone_trees_small,
          minmay_misc_feat_nine_boxes, uniq_azrael, uniq_agnes
Temple:   circular_temple_12
Lair:1:   st_stairs_12, serial_bayou_shore_a, grunt_megastairs_4,
          lemuel_fruit_fields
Lair:2:   lemuel_oklob_altar
Lair:4:   beast_lair_carwin_large_1, elwin_shoals_entry_stream
Lair:5:   nicolae_spider_entry_tight_spaces, beast_lair_carwin_3
Lair:6:   lab_entry_generic, wad_woods_03, grunt_megastairs_2
Lair:7:   cheibrodos_lair_reptile_den, bh_autumn_forest_stairs
Lair:8:   hangedman_lair_in_review, guppyfry_lair_end_dragon, slime_dummy,
          st_stairs_9, uniq_rupert
Shoals:2: abandoned_shop, abandoned_shop, st_sunken_temple
Shoals:3: uniq_polyphemus, uniq_mara
Shoals:4: shoals_end_grunt_garden, shoals_ilsuiw_ice
Spider:1: guppyfry_spider_mini_2
Spider:3: minivault_29, uniq_aizul
Spider:4: johnstein_spider_rune_arachne_lair, special_room, uniq_wiglaf,
          uniq_louise
Orc:1:    serial_shops, shop
Orc:2:    grunt_orc_gardens, grunt_orc_garden, grunt_orc_garden,
          grunt_orc_garden, grunt_orc_garden, mines1_david
Elf:1:    serial_shops, nicolae_shop_trees, hangedman_elven_crosses_minicolossus
Elf:2:    grunt_ministairs_10, basic_stair_grate_trap
Vaults:1: nicolae_vaults_little_squares_2, v_misc_26, vaults_room_corners,
          vaults_dpeg_encased_lava, nicolae_vaults_an_arrangement,
          dpeg_vaults_monster_box, ontoclasm_vaults_gateway, vaults_room_fours,
          nicolae_vaults_windows_and_doors_thing, vaults_room_pool,
          nicolae_vaults_ring_of_whatevers, serial_shops, shop, shop,
          nicolae_shop_trees
Vaults:2: hangedman_vaults_locks, v_misc_4, grunt_vaults_trifunnel,
          st_hourglassy, blue_anna_dwarven_crypt, v_alt_pattern_5,
          ontoclasm_vaults_shuriken, nicolae_vaults_circle_grid_a,
          nicolae_vaults_little_squares_6, vaults_dpeg_spiral,
          vaults_room_pools, v_misc_4, vaults_dpeg_hooks,
          hangedman_vaults_capsules, nicolae_vaults_theta, uniq_jorgrun,
          uniq_jory, uniq_boris
Vaults:3: st_lines, vaults_room_fancy_cross, v_misc_10, v_pattern_2, v_misc_4,
          nicolae_vaults_ninety_degrees, nicolae_vaults_arrows,
          vaults_room_pools, v_misc_19, vaults_standard_mumra_x,
          grunt_vaults_diagonal, basic_altar, uniq_frederick
Vaults:4: nicolae_vaults_twisting_passages,
          vaults_standard_mumra_enter_the_diamond, hangedman_vaults_slice,
          vaults_standard_mumra_lines, v_misc_22, hangedman_vaults_snaps,
          nicolae_vaults_angled_halls, v_misc_30, vaults_room_mumra_shop_pool,
          vaults_mumra_lcd, v_misc_8, st_lattice, vaults_room_door_ring,
          vaults_dpeg_diagonal, v_misc_25, uniq_sojobo
Depths:1: hell_entry, rand_demon_pan_entry_8, hex_tiny, serial_glass,
          glass_columns_a, glass_columns_b, kb_rosetta
Depths:2: hangedman_pleasuredromes, hell_entry, uniq_norris
Depths:3: kennysheep_large_spiral, enter_ziggurat_d, pan_entry, pf_coc_iceberg,
          infiniplex_staircase_spiral
Depths:4: minmay_strange_plus, grunt_pan_entry_zigzag,
          hangedman_abyss_entry_splay, glass_columns_a, serial_shops,
          kennysheep_mini_moat, hell_entry, minmay_staircase_windowed_large,
          uniq_xtahua, uniq_margery
Abyss:2:  hangedman_abyss_or_decor_clamps
Abyss:3:  hangedman_abyss_or_decor_stagger, abyss_furniture_001

Table legend:
 A = Turns spent in this place as a percentage of turns spent in the entire game.
 B = Non-inter-level travel turns spent in this place as a percentage of non-inter-level travel turns spent in the entire game.
 C = Inter-level travel turns spent in this place as a percentage of turns spent in this place.
 D = Turns resting spent in this place as a percentage of non-inter-level travel turns spent in this place.
 E = Turns spent auto-exploring this place as a percentage of non-inter-level travel turns spent in this place.
 F = Non-inter-level travel turns spent in this place divided by the number of levels of this place that you've seen.
                   A       B       C       D       E      F
               +-------+-------+-------+-------+-------+----------------------
         Total | 100.0 | 100.0 |   0.9 |   2.3 |   0.3 | 760.8
       Dungeon |  22.9 |  22.8 |   1.2 |   1.2 |   1.2 | 567.9
        Temple |   0.1 |   0.1 |   2.3 |   0.0 |   0.0 |  42.0
          Lair |  16.2 |  16.2 |   1.0 |   2.3 |   0.0 | 754.6
        Shoals |   6.8 |   6.8 |   0.6 |   3.4 |   0.0 | 631.0
   Spider Nest |   9.2 |   9.2 |   0.8 |   2.4 |   0.1 | 856.0
  Orcish Mines |   3.0 |   3.0 |   1.3 |   2.5 |   0.0 | 551.0
   Elven Halls |   5.4 |   5.4 |   0.9 |   3.0 |   0.0 | 1013.0
        Vaults |  11.4 |  11.4 |   1.0 |   2.3 |   0.0 | 1064.8
        Depths |  13.1 |  13.1 |   0.8 |   1.7 |   0.3 | 1225.2
         Abyss |  11.8 |  11.9 |   0.0 |   4.1 |   0.0 | 889.0
               +-------+-------+-------+-------+-------+----------------------

Table legend:
 A = Kills in this place as a percentage of kills in entire the game.
 B = Kills by you in this place as a percentage of kills by you in the entire game.
 C = Kills by friends in this place as a percentage of kills by friends in the entire game.
 D = Other kills in this place as a percentage of other kills in the entire game.
 E = Experience gained in this place as a percentage of experience gained in the entire game.
 F = Experience gained in this place divided by the number of levels of this place that you have seen.
                   A       B       C       D       E      F
               +-------+-------+-------+-------+-------+----------------------
         Total | 100.0 | 100.0 | 100.0 | 100.0 | 100.0 | 27974.3
       Dungeon |  14.4 |  14.6 |   0.0 |   4.4 |   4.6 | 4190.4
          Lair |   9.3 |   9.5 |   0.0 |   0.0 |   3.7 | 6333.5
        Shoals |   7.0 |   6.8 |   0.0 |  24.4 |   8.0 | 27380.8
   Spider Nest |  10.4 |  10.6 |   0.0 |   2.2 |   7.5 | 25757.5
  Orcish Mines |   2.6 |   2.7 |   0.0 |   0.0 |   1.1 | 7285.0
   Elven Halls |   4.5 |   4.6 |   0.0 |   2.2 |   5.8 | 39585.5
        Vaults |  15.9 |  15.7 |   0.0 |  31.1 |  21.5 | 73570.8
        Depths |  15.0 |  14.6 |  64.3 |  26.7 |  27.7 | 95081.0
         Abyss |  20.9 |  21.0 |  35.7 |   8.9 |  20.2 | 55263.4
               +-------+-------+-------+-------+-------+----------------------
